 Dungeon Crawl Stone Soup version 0.29-a0-243-g602b31c20e (webtiles) character file.

Game seed: 2063255235744091856

246 dolemite99 the Twirler (level 5, -1/34 HPs)
             Began as a Demonspawn Gladiator on Mar 4, 2022.
             Was a Follower of Hepliaklqana.
             Killed from afar by an orc priest (18 damage)
             ... with a bolt of acid
             ... on level 3 of the Dungeon.
             The game lasted 00:05:23 (4045 turns).

dolemite99 the Twirler (Demonspawn Gladiator)       Turns: 4045, Time: 00:05:24

Health: -1/34      AC: 12    Str: 16    XL:     5   Next: 84%
Magic:  5/5        EV:  7    Int: 10    God:    Hepliaklqana [*.....]
Gold:   34         SH:  0    Dex: 14    Spells: 4/4 levels left

rFire   . . .      SeeInvis .   a - +0 quarterstaff
rCold   . . .      Faith    .   (shield currently unavailable)
rNeg    . . .      Spirit   .   n - +0 chain mail
rPois   .          Reflect  .   c - +0 helmet
rElec   .          Harm     .   l - +0 cloak
rCorr   .          Rampage  .   (no gloves)
Will    .....                   (no boots)
Stlth   ..........              m - amulet of the acrobat
HPRegen 0.11/turn               (no ring)
MPRegen 0.09/turn               (no ring)

@: no status effects
A: reduced essence, slimy green scales 1, demonic magic 1, weakness stinger 1
a: Renounce Religion, Recall Ancestor, Ancestor Identity


You were on level 3 of the Dungeon.
You worshipped Hepliaklqana.
Hepliaklqana was aware of your devotion.
You visited 1 branch of the dungeon, and saw 4 of its levels.

You collected 76 gold pieces.
You spent 42 gold pieces at shops.

Inventory:

Hand Weapons
 a - a +0 quarterstaff (weapon)
 b - a +0 hunting sling
 f - a +3 quarterstaff of chaos
 p - a +0 hunting sling
Missiles
 d - 2 throwing nets
 g - 116 stones (quivered)
 h - 2 atropa-tipped darts
 r - 5 javelins
Armour
 c - a +0 helmet (worn)
 l - a +0 cloak (worn)
 n - a +0 chain mail (worn)
Jewellery
 m - an amulet of the acrobat (around neck)
Wands
 o - a wand of paralysis (8)
Scrolls
 e - a scroll of teleportation
 j - a scroll of vulnerability
Potions
 i - a potion of heal wounds {unknown}
 k - a potion of mutation {unknown}


   Skills:
 - Level 2.0 Fighting
 + Level 6.1 Staves
 - Level 1.7 Throwing
 - Level 2.6 Dodging


You had 4 spell levels left.
You didn't know any spells.
Your spell library contained the following spells:

 Spells                   Type           Power      Damage    Failure   Level
 Corpse Rot               Necr/Air       0%         N/A       100%        2
 Poisonous Vapours        Pois/Air       0%         N/A       100%        2
 Summon Guardian Golem    Hex/Summ       0%         N/A       100%        3
 Malign Gateway           Summ/Tloc      0%         N/A       100%        7
 Orb of Destruction       Conj           0%         9d5       100%        7
 Spellforged Servitor     Conj/Summ      0%         N/A       100%        7
 Summon Horrible Things   Summ           0%         N/A       100%        8


Dungeon Overview and Level Annotations

Branches:
Dungeon (4/15)
 Temple: D:4-7

Altars:
Hepliaklqana
Makhleb
Ru

Shops:
D:2 ?

Annotations:
D:3 Natasha


Innate Abilities, Weirdness & Mutations

Your life essence is reduced to manifest your ancestor. (-10% HP)
You are partially covered in slimy green scales. (AC +2)
Spells you cast may paralyse adjacent enemies.
You have a small tail.


Message History

An orc priest is nearby!
You swap places.
The orc priest shouts!
The orc priest miscasts a cantrip.
What are your orders? t - Shout!
Orders for allies: a - Attack new target. r - Retreat! s - Stop attacking. g - Guard the area. f - Follow me.
Anything else - Cancel.
Guard this area!
The orc priest drinks a potion.
The orc priest seems to speed up.
You start waiting.
Simosihle barely misses the orc priest.
You swap places.
Natasha, Servant of Life and Death comes into view.
The orc priest closely misses you.
The orc priest hits something but does no damage.
The orc priest shouts!
The orc priest misses you.
Natasha mumbles some strange words.
The crimson imp shouts, "Surrender, thou feeble fat-kidneyed death-token!"
The crimson imp blinks!
The orc priest begins to cast a cantrip, but forgets the words!
The orc priest misses you.
You hit the orc priest but do no damage.
You tail-slap the orc priest, but do no damage.
The orc priest hits you but does no damage.
The orc priest closely misses Simosihle.
Simosihle barely misses the orc priest.
The orc priest hits something but does no damage.
You hit the orc priest.
The orc priest is moderately wounded.
The orc priest invokes the aid of Beogh against you.
Pain shoots through your body!
Simosihle hits the orc priest but does no damage.
The orc priest invokes the aid of Beogh against you.
Beogh smites you!
The orc priest zaps a wand.
The bolt of acid hits you!!
Ouch! That really hurt!
You die...

....#...§P§...#
#.######
##..+......#..# #.###
##..+.........# #...#
....#P.....#.[# ###.#
###.#........## #.# #
#..#P.####.# #.# #
#..........# #.# #
########.# #
####.#########
##########.#
#@R..........#
....÷....#.##
#o##########.#
########....# ##.##
#.# #....# #P.P#
######.#
#....###≈5≈####....#.#
#..####≈≈h≈≈##.♣.♣.#.#
#...#P≈5≈.≈≈≈P.....#.#
#.o...o.........8..#.#
#..##P≈≈≈.≈≈≈P.....#.#


You could see the friendly Simosihle the ancestor, 2 orc priests, Natasha and 2
crimson imps.

Vanquished Creatures
  Crazy Yiuf (D:3)
  A hound (D:4)
  Jessica (D:2)
  Natasha (D:3)
  3 gnolls
  4 adders
  A worm (D:2)
  An orc (D:2)
  10 endoplasms
  6 giant cockroaches
  5 goblins
  6 hobgoblins
  2 jackals (D:2)
  3 quokkas
  8 ball pythons
  4 bats
  3 frilled lizards
  4 kobolds
  6 rats
70 creatures vanquished.

Vanquished Creatures (others)
  A fungus (D:3)
  8 plants (D:3)
9 creatures vanquished.

Grand Total: 79 creatures vanquished

Notes
Turn   | Place    | Note
-------+----------+-------------------------------------------
     0 | D:1      | dolemite99 the Demonspawn Gladiator began the quest for the
                  | Orb.
     0 | D:1      | Reached XP level 1. HP: 16/16 MP: 1/1
   228 | D:1      | Reached skill level 3 in Staves
   523 | D:1      | Gained mutation: Spells you cast may paralyse adjacent
                  | enemies. [demonic ancestry]
   523 | D:1      | Reached XP level 2. HP: 21/22 MP: 2/2
  1126 | D:2      | Found a sacrificial altar of Ru.
  1154 | D:2      | Reached XP level 3. HP: 16/27 MP: 3/3
  1156 | D:2      | Reached skill level 4 in Staves
  1739 | D:2      | Noticed Jessica
  1833 | D:2      | Killed Jessica
  1834 | D:2      | Gained mutation: You have a small tail. [demonic ancestry]
  1834 | D:2      | Reached XP level 4. HP: 28/33 MP: 4/4
  2016 | D:2      | Reached skill level 5 in Staves
  2119 | D:2      | Found Fygesean's Magic Scroll Shoppe.
  2147 | D:2      | Bought a scroll of teleportation for 42 gold pieces
  2478 | D:3      | Found a runed translucent door.
  2479 | D:3      | Noticed Crazy Yiuf
  2488 | D:3      | Killed Crazy Yiuf
  2489 | D:3      | Gained mutation: You are partially covered in slimy green
                  | scales. (AC +2) [demonic ancestry]
  2489 | D:3      | Reached XP level 5. HP: 38/38 MP: 5/5
  3508 | D:4      | Found a hazy altar of Hepliaklqana.
  3511 | D:4      | Became a worshipper of Hepliaklqana the Forgotten
  3745 | D:3      | Noticed Natasha
  3751 | D:3      | Killed Natasha
  3752 | D:3      | Reached skill level 6 in Staves
  3959 | D:3      | Reached * piety under Hepliaklqana
  3983 | D:3      | Found a burning altar of Makhleb.
  4042 | D:3      | Noticed Natasha
  4045 | D:3      | Killed from afar by an orc priest

Illustrated notes

Levels and vault maps discovered:
D:1:      dpeg_arrival_simpleton_b, layout_rooms, kennysheep_flooded_box,
          kennysheep_another_room, patterned_corridor
D:2:      layout_rooms, serial_shops, nicolae_shop_advertising_works
          [nicolae_subvault_shop_adworks], basic_altar, uniq_jessica
D:3:      cheibrodos_old_hovel, layout_loops_ring, mainiacjoe_overflow_alcove_4,
          serial_park_tiny_2, dreamdust_princess_bridge, uniq_natasha,
          uniq_crazy_yiuf_cottage
D:4:      layout_loops_corners, kennysheep_mini_moat

Skill      XL: |  1  2  3  4  5 |
---------------+----------------+-----
Staves         | 3 4 5 6 |  6.1
Fighting       | |  2.0
Throwing       | |  1.7
Dodging        | |  2.6

Action                   |  1- 3 |  4- 6 || total
-------------------------+-------+-------++-------
Melee: Quarterstaff      |    98 |   105 ||   203
       Tailslap          |       |    13 ||    13
 Fire: Hunting sling     |       |    14 ||    14
Throw: Stone             |       |    22 ||    22
       Throwing net      |       |     1 ||     1
  Use: Scroll            |       |     7 ||     7
 Stab: Held in net/web   |       |     1 ||     1
Armor: Ring mail         |    12 |       ||    12
       Scale mail        |    41 |       ||    41
       Chain mail        |     6 |    89 ||    95
Dodge: Dodged            |    63 |    57 ||   120

Table legend: (Time is in decaauts)
 A = Elapsed time spent in this place.
 B = Non-inter-level travel time spent in this place.
 C = Inter-level travel time spent in this place.
 D = Time resting spent in this place.
 E = Time spent auto-exploring this place.
 F = Levels seen in this place.
 G = Mean time per level.
                   A        B        C        D        E       F      G
               +--------+--------+--------+--------+--------+-----+--------+
         Total |   4072 |   3926 |    146 |   1490 |   1455 |   4 | 1018.0 |
       Dungeon |   4072 |   3926 |    146 |   1490 |   1455 |   4 | 1018.0 |
               +--------+--------+--------+--------+--------+-----+--------+

Top non-repeatable levels by time:
     D:3: 1405 daAuts
     D:2: 1304 daAuts
     D:1: 1196 daAuts
     D:4: 165 daAuts
